Map: Romanticide LE

Players

Spirit (souL)

  • Race: Terran Terran

MarineLorD - Winner!

  • Race: Terran Terran
  • League: Master

Event: DreamHack SC2 Masters 2021 Winter

VOD

Have the link to the VOD?

Description

Time

  • Played on: Oct. 9, 2021, 12:27 p.m.
  • Length: 16:24

All games in this series

Show
View Real Time Build Order
Export as new Build Order

Spirit Terran 

Build Orders:  

Get SALT Encoding   

  12  0:00  SCV  
  13  0:12  SCV  
  14  0:17  Supply Depot  
  14  0:24  SCV  
  15  0:39  SCV  
  15  0:40  Barracks  
  16  0:44  Refinery  
  16  0:51  SCV  
  16  0:52  Refinery  
  17  1:03  SCV  
  18  1:15  SCV  
  19  1:26  Reaper  
  19  1:27  Orbital Command  
  19  1:28  Supply Depot  
  20  1:42  Factory  
  20  1:53  SCV  
  21  1:58  Reaper  
  22  2:05  SCV  
  23  2:17  SCV  
  24  2:25  Command Center  
  24  2:26  Hellion  
  24  2:29  SCV  
  27  2:31  Barracks Reactor  
  27  2:35  Supply Depot  
  27  2:41  SCV  
  27  2:50  Starport  
  26  2:53  Hellion, SCV  
  29  3:05  SCV  
  29  3:07  Marine x2  
  32  3:14  Factory Tech Lab  
  32  3:18  SCV  
  31  3:24  Marine  
  29  3:29  Marine  
  29  3:30  SCV  
  30  3:42  SCV, Marine  
  30  3:43  Starport Tech Lab  
  30  3:46  Cyclone  
  35  3:53  Marine  
  35  3:54  SCV  
  37  3:57  Orbital Command  
  37  4:04  Raven  
  37  4:06  SCV  
  37  4:09  Marine  
  40  4:10  Marine  
  40  4:14  Refinery  
  42  4:18  SCV  
  42  4:23  SCV  
  44  4:28  Siege Tank  
  47  4:33  Supply Depot  
  47  4:34  SCV  
  47  4:37  SCV  
  49  4:43  Marine  
  49  4:44  Marine  
  51  4:46  SCV  
  51  4:49  SCV  
  53  4:54  Raven  
  53  4:57  Supply Depot  
  53  4:58  SCV  
  56  5:01  SCV, Marine  
  56  5:02  Marine  
  59  5:08  Supply Depot  
  59  5:11  SCV  
  59  5:14  SCV  
  61  5:18  Marine  
  61  5:19  Siege Tank  
  65  5:22  Marine  
  65  5:23  SCV  
  68  5:31  Supply Depot  
  69  5:39  Command Center  
  67  5:43  SCV x2  
  69  5:52  Siege Tank  
  69  5:55  SCV x2  
  73  5:58  Viking  
  73  6:03  Viking  
  75  6:07  SCV x2  
  75  6:09  Supply Depot  
  75  6:10  Supply Depot  
  77  6:15  Marine  
  78  6:19  SCV x2  
  78  6:25  Siege Tank  
  80  6:29  Stimpack, Refinery  
  80  6:31  SCV x2  
  78  6:43  SCV  
  78  6:44  Viking  
  78  6:47  SCV  
  82  6:48  Barracks  
  82  6:49  Barracks  
  82  6:50  Supply Depot  
  82  6:51  Orbital Command  
  82  6:55  SCV  
  82  6:56  Marine  
  82  6:59  SCV  
  85  7:02  Siege Tank  
  85  7:06  Engineering Bay  
  85  7:07  SCV, Engineering Bay  
  89  7:11  Orbital Command  
  89  7:16  Viking x2  
  89  7:20  SCV x2  
  95  7:23  Supply Depot  
  95  7:24  Marine  
  96  7:32  SCV x2  
  96  7:34  Terran Infantry Weapons Level 1, Siege Tank, Terran Infantry Armor Level 1  
  96  7:36  SCV  
  102  7:38  Barracks Reactor  
  102  7:40  Barracks Reactor  
  103  7:44  SCV x2  
  103  7:48  SCV  
  105  7:52  Barracks x2  
  105  7:56  SCV x2  
  107  8:00  SCV, Sensor Tower  
  107  8:01  Refinery  
  107  8:02  Marauder, Refinery  
  107  8:03  Barracks Tech Lab  
  107  8:05  Medivac  
  112  8:07  Medivac  
  112  8:08  SCV  
  112  8:10  SCV  
  116  8:12  Supply Depot  
  116  8:13  Combat Shield  
  116  8:15  SCV  
  116  8:17  Marine  
  116  8:18  Marine  
  119  8:20  SCV  
  119  8:23  Marauder, SCV  
  123  8:27  Siege Tank  
  123  8:28  SCV  
  123  8:30  Concussive Shells  
  123  8:34  Supply Depot, SCV  
  128  8:35  Marine x2  
  128  8:37  Supply Depot  
  128  8:38  Marauder  
  128  8:39  SCV  
  132  8:43  Barracks Reactor, Barracks Tech Lab  
  132  8:44  Marauder  
  134  8:53  Marine x2  
  134  8:54  Armory  
  134  8:59  Medivac  
  134  9:00  Marauder, Supply Depot, Medivac  
  134  9:01  Supply Depot  
  140  9:03  Supply Depot  
  140  9:05  Marauder  
  140  9:06  Marauder, Supply Depot  
  144  9:10  Siege Tank  
  144  9:11  Marine x2  
  147  9:17  Command Center  
  141  9:29  Marauder x2, Marine  
  141  9:30  Marauder  
  143  9:31  Marine  
  143  9:32  Marine  
  143  9:33  Marine  
  146  9:39  Medivac x2  
  146  9:43  Supply Depot, Siege Tank  
  153  9:47  Marine  
  153  9:50  Terran Infantry Weapons Level 2  
  153  9:51  Marauder x3, Marine  
  161  9:54  Marine  
  162  10:00  Supply Depot, Marine  
  162  10:05  Marine  
  164  10:08  Marine  
  164  10:12  Marauder x3, Marine  
  172  10:15  Siege Tank  
  172  10:18  Marine  
  158  10:23  Medivac x2, Marine  
  158  10:26  Marine  
  162  10:29  Marine  
  162  10:33  Marauder  
  162  10:34  Marauder  
  166  10:35  Marine  
  166  10:36  Marauder  
  166  10:41  Marine  
  166  10:44  Marine  
  166  10:49  Supply Depot, Marine  
  168  10:51  Supply Depot x2  
  168  10:53  Supply Depot  
  168  10:54  Medivac x2  
  168  10:55  Marauder x2  
  176  10:57  Marauder  
  176  10:58  Marine  
  176  11:01  SCV x3  
  176  11:02  Terran Infantry Armor Level 2  
  177  11:04  Terran Vehicle Weapons Level 1, Marine  
  166  11:13  SCV x3  
  166  11:16  Marauder x2, Marine  
  169  11:25  SCV x3  
  163  11:28  Medivac  
  162  11:36  Planetary Fortress  
  162  11:37  SCV x2  
  165  11:43  SCV  
  165  11:46  Marine  
  166  11:49  SCV  
  166  11:51  Command Center  
  166  11:52  SCV  
  168  11:55  SCV  
  166  12:01  SCV  
  166  12:04  Marauder x2, SCV, Marine  
  166  12:06  Neosteel Armor  
  166  12:07  SCV  
  174  12:13  SCV  
  175  12:16  SCV  
  175  12:17  SCV  
  175  12:19  Marauder, SCV, Marine  
  175  12:22  Marine  
  166  12:26  SCV  
  166  12:28  SCV  
  166  12:29  SCV, Command Center  
  162  12:32  SCV  
  154  12:38  SCV  
  154  12:40  SCV  
  154  12:41  Starport  
  154  12:42  Starport  
  154  12:44  Viking x2  
  160  12:49  Marauder  
  162  12:57  Siege Tank  
  159  13:00  Marauder, Marine  
  159  13:01  Marauder  
  164  13:06  Planetary Fortress  
  164  13:11  Marauder  
  157  13:14  Viking x2, Marine  
  157  13:18  Marine  
  157  13:22  Marauder x2  
  159  13:28  Marine  
  159  13:29  Siege Tank  
  159  13:32  Marauder, Starport Reactor x2  
  159  13:35  Marine  
  159  13:40  Marine  
  140  13:43  Marauder x2  
  140  13:47  Marine  
  145  13:52  Viking  
  145  13:54  Marauder  
  145  13:55  Command Center, Marine  
  149  13:57  Marine  
  149  13:59  Marine  
  133  14:05  Marauder x2, Marine  
  135  14:13  Marine  
  135  14:15  Marauder  
  120  14:26  Marauder  
  120  14:30  Marauder, Marine  
  117  14:34  Marine  
  117  14:36  Marauder, Marine x2  
  116  14:47  Marine  
  116  14:48  Marine  
  116  14:51  Marine  
  116  14:52  Marine  
Show
View Real Time Build Order
Export as new Build Order

MarineLorD Terran - Winner!

Build Orders: 2 Factory, Cyclone Opening, Mech 

Get SALT Encoding   

  12  0:00  SCV  
  13  0:12  SCV  
  14  0:17  Supply Depot  
  14  0:24  SCV  
  15  0:39  SCV  
  15  0:40  Barracks  
  16  0:46  Refinery  
  16  0:51  SCV  
  16  0:56  Refinery  
  17  1:03  SCV  
  18  1:15  SCV  
  19  1:27  Reaper, Orbital Command  
  20  1:35  Supply Depot  
  20  1:44  Factory  
  20  1:53  SCV  
  21  1:59  Reaper  
  22  2:05  SCV  
  23  2:17  SCV  
  24  2:25  Command Center  
  24  2:28  Factory Tech Lab  
  24  2:31  Reaper  
  24  2:35  SCV  
  26  2:47  SCV  
  26  2:49  Cyclone  
  30  2:55  Supply Depot  
  30  2:59  SCV  
  31  3:07  Factory  
  31  3:17  SCV  
  32  3:23  Cyclone  
  34  3:29  SCV  
  35  3:39  Refinery  
  35  3:40  Orbital Command  
  35  3:41  SCV, Mag-Field Accelerator  
  34  3:51  Factory Tech Lab  
  34  3:53  SCV  
  35  4:02  Cyclone  
  38  4:06  SCV  
  38  4:07  SCV  
  40  4:13  Supply Depot  
  40  4:14  Cyclone  
  43  4:18  SCV  
  43  4:19  SCV  
  45  4:26  Supply Depot  
  45  4:30  SCV  
  46  4:31  SCV  
  46  4:34  Cyclone  
  50  4:42  SCV  
  50  4:43  SCV  
  52  4:46  Cyclone  
  55  4:54  SCV  
  55  4:55  SCV  
  55  4:58  Command Center  
  57  5:03  Refinery  
  57  5:06  SCV, Cyclone  
  61  5:08  SCV  
  62  5:18  SCV  
  62  5:20  SCV, Barracks  
  64  5:23  Starport, Cyclone  
  67  5:30  SCV  
  67  5:32  SCV  
  69  5:40  Supply Depot  
  69  5:42  Supply Depot, SCV  
  70  5:47  Armory  
  70  5:49  Armory  
  70  6:01  SCV x2, Siege Tank  
  75  6:04  Siege Tank  
  75  6:06  Starport Reactor  
  75  6:11  Orbital Command  
  78  6:13  Refinery  
  78  6:14  SCV, Refinery  
  78  6:15  SCV  
  80  6:26  SCV  
  80  6:27  SCV  
  82  6:34  Siege Tank  
  82  6:36  Siege Tank  
  82  6:38  SCV  
  82  6:39  SCV x2  
  91  6:48  Viking x2  
  91  6:50  SCV  
  91  6:51  SCV x2  
  98  6:54  Supply Depot  
  98  6:57  Supply Depot  
  98  6:59  Barracks Reactor  
  98  7:01  Factory  
  98  7:02  SCV  
  98  7:03  SCV x2  
  101  7:15  SCV x2, Siege Tank  
  101  7:18  Viking x2  
  101  7:22  Supply Depot  
  110  7:23  Supply Depot, Terran Vehicle Weapons Level 1  
  110  7:25  Terran Vehicle And Ship Armor Level 1  
  110  7:26  SCV  
  110  7:29  SCV x2  
  113  7:33  Siege Tank  
  116  7:43  SCV  
  116  7:44  SCV  
  118  7:49  Engineering Bay  
  118  7:51  Supply Depot x2, Siege Tank  
  118  7:52  Supply Depot  
  118  7:55  Viking  
  118  7:56  Viking  
  125  8:06  Hellion x2  
  132  8:18  Factory  
  132  8:22  Factory  
  132  8:23  Sensor Tower  
  132  8:26  Missile Turret  
  132  8:29  Missile Turret  
  132  8:30  Hellion x2  
  136  8:37  Command Center  
  136  8:39  Viking  
  136  8:41  Viking  
  137  8:54  Hellion, Siege Tank x2  
  137  8:55  Hellion  
  147  8:58  Supply Depot  
  147  9:00  Supply Depot  
  147  9:06  Factory Tech Lab  
  147  9:07  Factory Reactor  
  147  9:09  Viking  
  149  9:11  Viking  
  149  9:15  Infernal Pre-Igniter  
  148  9:20  Hellion  
  145  9:26  Siege Tank x2  
  145  9:31  Terran Vehicle Weapons Level 2, Terran Vehicle And Ship Armor Level 2  
  151  9:35  SCV x3  
  151  9:37  Missile Turret  
  154  9:40  Siege Tank  
  154  9:43  Supply Depot  
  157  9:46  Supply Depot  
  157  9:48  Hellion  
  157  9:49  Hellion x2  
  157  9:51  Hellion  
  165  9:56  SCV x3  
  166  10:05  Viking  
  174  10:07  Viking  
  170  10:22  Hellion x3  
  170  10:23  Thor x2  
  170  10:26  Planetary Fortress  
  170  10:27  Refinery  
  182  10:29  SCV, Refinery  
  182  10:33  SCV x2  
  185  10:41  SCV  
  182  10:45  Liberator x2, SCV  
  182  10:48  SCV  
  190  10:53  SCV  
  191  10:57  Sensor Tower  
  191  11:07  Command Center  
  173  11:28  Liberator, Viking  
  173  11:29  Siege Tank x3  
  173  11:32  Hellion x2  
  191  11:35  Fusion Core  
  191  11:38  Missile Turret  
  191  11:53  Refinery  
  191  11:54  Missile Turret  
  191  11:57  Liberator, Refinery  
  191  11:58  Missile Turret  
  188  12:02  Command Center  
  188  12:04  Siege Tank  
  188  12:05  Siege Tank  
  188  12:06  Hellion x4  
  199  12:20  SCV x2  
  199  12:21  SCV  
  194  12:26  Advanced Ballistics  
  188  12:32  SCV x2  
  188  12:33  SCV  
  191  12:39  Planetary Fortress  
  191  12:42  Terran Vehicle And Ship Armor Level 3, Terran Vehicle Weapons Level 3  
  191  12:44  SCV  
  192  12:57  Siege Tank x2  
  198  13:04  Viking  
  200  13:27  SCV x3  
  197  13:35  Command Center  
  197  13:36  Command Center  
  197  13:38  Thor  
  197  13:39  SCV  
  200  13:46  Planetary Fortress  
  200  13:48  SCV x2  
  198  13:55  Command Center  
  198  13:57  SCV  
  198  14:00  SCV  
  198  14:01  Hellbat x5  
  199  14:19  Sensor Tower  
  199  14:23  Siege Tank x2  
  199  14:24  Hellion x3  
  198  14:29  SCV  
  198  14:30  SCV x2  
  192  14:33  Viking x2  
  192  14:37  Siege Tank  
  199  14:41  SCV  
  198  14:51  Hellion x3  
  196  14:55  Siege Tank  

Tags
 
Add a new tag
Caveats
  • Supply blocks, unpowered buildings, or Contaminate may cause inaccurate times.
  • Supply counts are checked every 10 seconds.